 Dungeon Crawl Stone Soup version 0.27-a0-1202-ge72e49191c (webtiles) character file.

Game seed: 2874020878769349165

69 lunkers the Digger (level 4, -1/29 (30) HPs)
             Began as a Formicid Earth Elementalist on June 3, 2021.
             Slain by Crazy Yiuf
             ... wielding a +3 quarterstaff of chaos
              (3 damage)
             ... on level 2 of the Dungeon.
             The game lasted 00:02:36 (2891 turns).

lunkers the Digger (Formicid Earth Elementalist)    Turns: 2891, Time: 00:02:36

HP:   -1/29 (30)    AC:  3    Str: 12    XL:     4   Next: 42%
MP:   6/8           EV: 12    Int: 16    God:
Gold: 118           SH:  0    Dex: 11    Spells: 3/9 levels left

rFire    . . .     SeeInvis +   f - +1 whip (flame)
rCold    . . .     Faith    .   (no shield)
rNeg     . . .     Spirit   .   c - +0 robe
rPois    .         Reflect  .   (helmet unavailable)
rElec    .         Harm     .   o - +0 cloak
rCorr    .         Rampage  .   (no gloves)
Will     .....                  (no boots)
Stlth    ++........             (no amulet)
HPRegen  0.09/turn              (no ring)
MPRegen  0.11/turn              (no ring)

@: lightly drained
A: permanent stasis, dig shafts and tunnels, antennae 3, four strong arms
a: Dig, Shaft Self


You were on level 2 of the Dungeon.
You visited 1 branch of the dungeon, and saw 2 of its levels.

You collected 118 gold pieces.

Inventory:

Hand Weapons
 f - a +1 whip of flaming (weapon)
Missiles
 b - 28 stones
Armour
 c - a +0 robe (worn)
 o - a +0 cloak (worn)
Jewellery
 k - a ring of flight
 s - a +4 ring of protection
Wands
 q - a wand of flame (18)
 r - a wand of mindburst (16)
Scrolls
 a - 2 scrolls of magic mapping {unknown}
 d - a scroll of enchant weapon {unknown}
 g - a scroll of enchant armour {unknown}
 i - a scroll of noise {unknown}
 j - a scroll of immolation {unknown}
 l - a scroll of acquirement {unknown}
 n - a scroll of brand weapon {unknown}
 p - a scroll of holy word {unknown}
Potions
 e - a potion of haste {unknown}
 h - 2 potions of resistance {unknown}
 m - a potion of brilliance {unknown}


   Skills:
 - Level 1.7 Dodging
 - Level 2.4 Stealth
 + Level 3.0 Spellcasting
 - Level 1.1 Transmutations
 * Level 5.3 Earth Magic


You had 3 spell levels left.
You knew the following spells:

 Your Spells              Type           Power      Damage    Failure   Level
a - Sandblast             Erth           38%        2d10      1%          1
b - Passwall              Tmut/Erth      10%        N/A       8%          2
c - Stone Arrow           Conj/Erth      22%        3d8       19%         3

Your spell library contained the following spells:

 Spells                   Type           Power      Damage    Failure   Level
 Petrify                  Tmut/Erth      12%        N/A       45%         4
 Lee's Rapid Deconstruct  Erth           9%         3d8*      50%         5


Dungeon Overview and Level Annotations

Branches:
Dungeon (2/15)

Altars:

Annotations:
D:2 Crazy Yiuf


Innate Abilities, Weirdness & Mutations

You cannot be hasted, slowed, berserked, paralysed or teleported.
You can dig through walls and to a lower floor.
You have a pair of large antennae on your head. (SInv)
Your four strong arms can wield two-handed weapons with a shield.


Message History

The quokka is severely wounded.
The quokka bites you. The quokka misses you.
You hit the quokka. You burn the quokka.
You kill the quokka!
You see here a quokka corpse.
r - a wand of mindburst (16)
b - 30 stones (gained 14)
You now have 85 gold pieces (gained 14).
Found a stone staircase leading down.
There is a stone staircase leading down here.
s - a +4 ring of protection You now have 104 gold pieces (gained 19).
You now have 118 gold pieces (gained 14).
There is a stone staircase leading up here.
Key pressed, stopping explore.
You see here a +0 leather armour.
Crazy Yiuf glowers.
Could not explore, unopened runed door.
You open the door.
Casting: Sandblast (safe; 1% risk of failure)
Confirm with . or Enter, or press ? or * to list all spells.
The blast of sand hits Crazy Yiuf!
Crazy Yiuf is heavily wounded.
Crazy Yiuf cries, "Snurf!"
Crazy Yiuf hits you with a +3 quarterstaff of chaos!
You feel drained.
* * * LOW HITPOINT WARNING * * *
Unknown command.
Casting: Sandblast (safe; 1% risk of failure)
Confirm with . or Enter, or press ? or * to list all spells.
Aiming: Sandblast (safe; 1% risk of failure)
Press: ? - help, Shift-Dir - straight line, f/p - Crazy Yiuf
Aim: Crazy Yiuf, wielding a +3 quarterstaff of chaos and wearing a +0 cloak (heavily wounded, 82% to hit)
The blast of sand hits Crazy Yiuf but does no damage.
Crazy Yiuf is heavily wounded.
Crazy Yiuf hits you with a +3 quarterstaff of chaos!
Ouch! That really hurt!
* * * LOW HITPOINT WARNING * * *
Crazy Yiuf burns you.
You die...

#...................#
##.....>.............
#.###..#.###.....#.#
### ###### #........
#.....#.# #.#####.#
### ♣♣##.# #.# #)..#♣♣
♣♣....## #.#
#...g@♣♣♣♣......####.#
#...#♣..♣............<
### ♣♣♣.♣.....#.###.#
♣♣♣♣♣##.#.....#
#.#.##..# #####
#.#.##..#
#.#.############.##..#
#.#..............##..#
#.########.........PP.


You could see Crazy Yiuf.

Vanquished Creatures
  2 adders (D:2)
  A dart slug (D:2)
  3 endoplasms (D:1)
  A giant cockroach (D:1)
  3 goblins
  7 hobgoblins
  A jackal (D:1)
  4 quokkas
  2 ball pythons (D:1)
  2 bats (D:1)
  A frilled lizard (D:1)
  9 kobolds (D:1)
  9 rats
45 creatures vanquished.

Notes
Turn   | Place    | Note
-------+----------+-------------------------------------------
     0 | D:1      | lunkers the Formicid Earth Elementalist began the quest for
                  | the Orb.
     0 | D:1      | Reached XP level 1. HP: 13/13 MP: 3/3
   266 | D:1      | Reached skill level 4 in Earth Magic
   266 | D:1      | Reached XP level 2. HP: 19/19 MP: 1/5
   711 | D:1      | Reached XP level 3. HP: 23/24 MP: 0/6
  1119 | D:1      | Found a faded altar of an unknown god.
  1315 | D:1      | Learned a level 2 spell: Passwall
  1319 | D:1      | Learned a level 3 spell: Stone Arrow
  1869 | D:2      | Reached skill level 5 in Earth Magic
  2046 | D:2      | Reached XP level 4. HP: 30/30 MP: 4/8
  2300 | D:2      | Found a runed translucent door.
  2301 | D:2      | Noticed Crazy Yiuf
  2891 | D:2      | Slain by Crazy Yiuf

Illustrated notes

Levels and vault maps discovered:
D:1:      beargit_arrival_greenhouse, layout_loops_cross,
          basic_ecumenical_altar, hangedman_decor_clover_reticule,
          minmay_tetromino_o4
D:2:      layout_basic, serial_forest, infiniplex_forest_clump_cross,
          infiniplex_forest_zigzag_1, infiniplex_forest_lined_room_2,
          infiniplex_forest_straight_1, infiniplex_forest_zigzag_2,
          infiniplex_forest_lined_4_way, infiniplex_forest_lined_1,
          infiniplex_forest_straight_4, uniq_crazy_yiuf_cottage

Skill      XL: |  1  2  3 |
---------------+----------+-----
Earth Magic    | 4 5 |  5.3
Spellcasting   | 3 |  3.0
Dodging        | |  1.7
Stealth        | |  2.4
Transmutations | |  1.1

Action                   |  1- 3 |  4- 6 || total
-------------------------+-------+-------++-------
Melee: Unarmed           |    21 |       ||    21
       Whip              |    54 |     9 ||    63
 Cast: Sandblast         |    39 |     3 ||    42
 Stab: Sleeping          |     3 |       ||     3
Armor: Robe              |    12 |       ||    12
Dodge: Dodged            |    59 |     8 ||    67

Table legend: (Time is in decaauts)
 A = Elapsed time spent in this place.
 B = Non-inter-level travel time spent in this place.
 C = Inter-level travel time spent in this place.
 D = Time resting spent in this place.
 E = Time spent auto-exploring this place.
 F = Levels seen in this place.
 G = Mean time per level.
                   A        B        C        D        E       F      G
               +--------+--------+--------+--------+--------+-----+--------+
         Total |   2896 |   2878 |     18 |    312 |   2181 |   2 | 1448.0 |
       Dungeon |   2896 |   2878 |     18 |    312 |   2181 |   2 | 1448.0 |
               +--------+--------+--------+--------+--------+-----+--------+

Top non-repeatable levels by time:
     D:1: 1718 daAuts
     D:2: 1177 daAuts
